 Dungeon Crawl Stone Soup version 0.29.1-12-g30fa7ad0bf (webtiles) character file.

Game seed: 17230500888365031140

7452 Descartes the Grappler (level 10, -5/106 (107) HPs)
             Began as a Troll Monk on Dec 17, 2022.
             Was an Initiate of Gozag.
             Slain by a spectral orc warrior
             ... wielding a +0 long sword
             ... summoned by Nergalle
              (7 damage)
             ... on level 10 of the Dungeon.
             The game lasted 00:10:59 (8315 turns).

Descartes the Grappler (Troll Monk)                 Turns: 8315, Time: 00:11:01

HP:   -5/106 (107)  AC:  8    Str: 25    XL:     10   Next: 94%
MP:   18/18         EV:  7    Int:  6    God:    Gozag
Gold: 601           SH:  0    Dex: 12    Spells: 9/9 levels left

rFire   . . .      SeeInvis .     - Unarmed
rCold   + . .      Faith    .   F - +0 tower shield
rNeg    . . .      Spirit   .   K - +0 steam dragon scales
rPois   .          Reflect  +   (helmet restricted)
rElec   .          Harm     .   w - +0 cloak
rCorr   .          Rampage  .   (gloves unavailable)
Will    .....                   (boots unavailable)
Stlth   +.........              I - amulet of reflection
HPRegen 1.07/turn               l - ring of protection from cold
MPRegen 0.16/turn               E - ring of magical power

@: confused, lethally poisoned (-5 -> -5), ambrosia-drunk, gold aura, lightly
drained
A: large, unfitting armour, claws 3, regeneration 1, shaggy fur 1, tough skin 1
a: Renounce Religion, Potion Petition, Call Merchant, Bribe Branch


You were on level 10 of the Dungeon.
You worshipped Gozag.
Gozag was pleased with you.
You visited 3 branches of the dungeon, and saw 12 of its levels.

You collected 601 gold pieces.

Inventory:

Hand Weapons
 v - a +3 quarterstaff of chaos
 J - a +1 morningstar of flaming
 S - the +11 quarterstaff of the Shark {freeze, *Rage rC+ rCorr}
   (You found it on level 10 of the Dungeon)

   It freezes those it strikes, dealing additional cold damage.
   It can also slow down cold-blooded creatures.
   rC:        It protects you from cold.
   *Rage:     It berserks you when you make melee attacks (+20% chance).
   rCorr:     It protects you from acid and corrosion.
Missiles
 j - 5 javelins (quivered)
 y - 24 poisoned darts
 z - 2 throwing nets
 P - 2 curare-tipped darts
Armour
 a - a +0 robe
 n - the +1 robe of the Bespelling Gods {rC+}
   (You found it on level 2 of the Dungeon)

   rC:        It protects you from cold.
 w - a +0 cloak (worn)
 F - a +0 tower shield (worn)
 K - +0 steam dragon scales (worn)
Jewellery
 l - a ring of protection from cold (left claw)
 B - an amulet of guardian spirit
 E - a ring of magical power (right claw)
 I - an amulet of reflection (around neck)
 M - a ring of fire
Wands
 s - a wand of digging (5)
 A - a wand of quicksilver (2)
 C - a wand of mindburst (7)
Scrolls
 c - 8 scrolls of identify {unknown}
 e - 4 scrolls of noise {unknown}
 g - 2 scrolls of fog {unknown}
 h - 3 scrolls of fear {unknown}
 m - a scroll of silence {unknown}
 o - 3 scrolls of teleportation {unknown}
 p - a scroll of enchant weapon {unknown}
 r - 2 scrolls of magic mapping {unknown}
 t - a scroll of vulnerability {unknown}
 D - a scroll of immolation {unknown}
 G - 2 scrolls of amnesia {unknown}
 N - a scroll of brand weapon {unknown}
 R - a scroll of summoning {unknown}
Potions
 d - 2 potions of attraction {unknown}
 f - 2 potions of berserk rage {unknown}
 i - a potion of brilliance {unknown}
 k - 3 potions of mutation {unknown}
 q - 3 potions of curing {unknown}
 u - a potion of heal wounds {unknown}
 x - 5 potions of haste {unknown}
 H - a potion of cancellation {unknown}
 L - a potion of flight {unknown}
 O - a potion of lignification {unknown}
 Q - a potion of degeneration {unknown}


   Skills:
 + Level 9.5 Fighting
 - Level 2.4 Dodging
 - Level 1.0 Stealth
 + Level 6.4 Shields
 + Level 11.3 Unarmed Combat


You had 9 spell levels left.
You didn't know any spells.
Your spell library contained the following spells:

 Spells                   Type           Power      Damage    Failure   Level
 Summon Small Mammal      Summ           0%         N/A       95%         1
 Poisonous Vapours        Pois/Air       0%         N/A       99%         2
 Call Canine Familiar     Summ           0%         N/A       100%        3
 Dazzling Flash           Conj/Hex       0%         N/A       100%        3
 Summon Guardian Golem    Hex/Summ       0%         N/A       100%        3
 Agony                    Necr           0%         N/A       100%        5
 Silence                  Hex/Air        0%         N/A       100%        5
 Corpse Rot               Necr/Pois/Air  Unusable   N/A       N/A         4

Dungeon Overview and Level Annotations

Branches:
Dungeon (10/15)            Temple (1/1) D:7            Lair (1/5) D:9
    Orc: D:9-12

Altars:
Ashenzari
Cheibriados
Dithmenos
Elyvilon
Fedhas
Gozag
Hepliaklqana
Kikubaaqudgha
Makhleb
Nemelex Xobeh
Okawaru
Qazlal
Ru
Sif Muna
Trog
Uskayaw
Vehumet
Wu Jian
Xom
Yredelemnul
Zin
The Shining One

Shops:
D:2 (   D:9 [

Annotations:
D:9 3 runed translucent doors, opiumtea's ghost, journeyman KoBr
D:10 Nergalle


Innate Abilities, Weirdness & Mutations

You are too large for most types of armour.
You have claws for hands.
Your natural rate of healing is unusually fast.
You are covered in fur. (AC +1)
You have tough skin. (AC +1)


Message History

Something bites you but does no damage. You block the orc priest's attack.
You completely miss the vampire mosquito.
You feel sick.
You block the vampire mosquito's attack. x2
The spectral orc is distracted by your dazzling golden aura.
Something hits you.
* * * LOW HITPOINT WARNING * * *
You block something's attack.
The orc priest miscasts a cantrip.
The orc priest hits you but does no damage.
Nergalle points at you and mumbles some strange words.
Orcish apparitions take form around you.
You closely miss the vampire mosquito.
You feel sick.
You block the vampire mosquito's attack. x2
Nergalle asks, "There's a tasty morsel, hm?"
Something hits you.
* * * LOW HITPOINT WARNING * * *
You block something's attack.
The spectral orc warrior hits you with a +0 short sword.
* * * LOW HITPOINT WARNING * * *
You block the spectral orc warrior's attack.
You are confused.
You feel invigorated.
You feel sick.
The spectral orc is no longer distracted by gold.
The vampire mosquito bites you.
* * * LOW HITPOINT WARNING * * *
The vampire mosquito draws strength from your injuries!
The vampire mosquito bites you but does no damage.
Something hits you.
* * * LOW HITPOINT WARNING * * *
Something bites you but does no damage.
The orc priest calls down the wrath of Beogh upon you.
Beogh smites you!
* * * LOW HITPOINT WARNING * * *
The spectral orc warrior hits you with a +0 short sword.
* * * LOW HITPOINT WARNING * * *
You feel drained.
The spectral orc warrior hits you with a +0 long sword!
You die...
Your body crumbles into a pile of gold.

.. . .# . # .# ## ###o##
.## ###### ###ooo.# ..##
##....###Z@y#
#..####.......$Z#{Z......
##..##.....$..####.......
##...........# .......
##...........# .......
#............# #...$..
#..............# $.....
#...............# #....)
#................#


You could see Nergalle, a spectral orc (summoned), 2 spectral orc warriors, a
vampire mosquito and 3 orc priests.

Vanquished Creatures
  A boulder beetle (D:7)
  A cane toad (Lair:1)
  Maggie (D:7)
  3 hornets
  Sigmund (D:3)
  9 yaks
  Eustachio (D:4)
  A vampire mosquito (D:10)
  Menkaure (D:4)
  3 water moccasins
  3 orc warriors
  2 ice beasts
  A black bear (D:5)
  2 centaurs
  2 phantoms
  5 kobold brigands
  Blork the orc (D:4)
  5 bullfrogs
  2 necrophages
  5 scorpions
  8 wights
  A howler monkey (D:6)
  4 hounds
  7 orc priests
  Crazy Yiuf (D:3)
  4 jellies
  2 gnoll boudas
  An iguana (D:5)
  Natasha (thrice) (D:3)
  5 orc wizards
  10 gnolls
  5 adders
  2 shadow imps (D:6)
  2 white imps (D:6)
  2 ufetubi (D:4)
  A worm (D:4)
  2 dart slugs
  28 orcs
  7 bats
  3 endoplasms
  5 giant cockroaches
  6 goblins
  6 hobgoblins
  6 jackals
  29 kobolds
  3 quokkas
  13 ball pythons
  2 frilled lizards
  4 rats (D:3)
222 creatures vanquished.

Vanquished Creatures (others)
  3 fungi (D:9)
  2 plants (D:9)
5 creatures vanquished.

Grand Total: 227 creatures vanquished

Notes
Turn   | Place    | Note
-------+----------+-------------------------------------------
     0 | D:1      | Descartes the Troll Monk began the quest for the Orb.
     0 | D:1      | Reached XP level 1. HP: 22/22 MP: 0/0
    73 | D:1      | Found a faded altar of an unknown god.
   172 | D:1      | Reached XP level 2. HP: 27/29 MP: 1/1
   752 | D:2      | Found Imenilut's Antique Weapon Shop.
   900 | D:2      | Reached XP level 3. HP: 37/37 MP: 2/2
  1252 | D:2      | Identified the +1 robe of the Bespelling Gods {rC+}
  1497 | D:3      | Found a white marble altar of Elyvilon.
  1497 | D:3      | Identified the +1 ring mail of Summer {Stlth+}
  1530 | D:3      | Noticed Sigmund
  1546 | D:3      | Killed Sigmund
  1547 | D:3      | Reached skill level 4 in Unarmed Combat
  1547 | D:3      | Reached XP level 4. HP: 41/48 MP: 3/3
  1547 | D:3      | Reached XP level 5. HP: 46/54 MP: 4/4
  1554 | D:3      | Reached skill level 5 in Unarmed Combat
  1570 | D:3      | Noticed Natasha
  1576 | D:3      | Killed Natasha
  1783 | D:3      | Noticed Natasha
  1791 | D:3      | Killed Natasha
  1792 | D:3      | Reached XP level 6. HP: 58/63 MP: 5/5
  1894 | D:3      | Found a runed translucent door.
  1895 | D:3      | Noticed Crazy Yiuf
  1989 | D:3      | Noticed Natasha
  1997 | D:3      | Killed Natasha
  2154 | D:3      | Killed Crazy Yiuf
  2283 | D:4      | Noticed Eustachio
  2289 | D:4      | Identified the +8 short sword "Bodwof" {elec, rCorr}
  2295 | D:4      | Killed Eustachio
  2307 | D:4      | Reached skill level 5 in Fighting
  2307 | D:4      | Reached skill level 6 in Unarmed Combat
  2307 | D:4      | Reached XP level 7. HP: 47/72 MP: 6/6
  2542 | D:4      | Noticed Blork the orc
  2552 | D:4      | Killed Blork the orc
  2582 | D:4      | Noticed Menkaure
  2595 | D:4      | Killed Menkaure
  2925 | D:5      | Entered Level 5 of the Dungeon
  2932 | D:5      | Reached skill level 7 in Unarmed Combat
  2950 | D:5      | Reached XP level 8. HP: 83/83 MP: 7/7
  2973 | D:5      | Identified the +3 ring mail of Lies {-Cast rN+ Dex+2}
  3374 | D:5      | Reached skill level 8 in Unarmed Combat
  3850 | D:6      | You fall into a shaft and drop 2 floors!
  4399 | D:8      | Reached skill level 1 in Shields
  4399 | D:8      | Reached XP level 9. HP: 90/93 MP: 8/8
  4469 | D:8      | Reached skill level 9 in Unarmed Combat
  4895 | D:7      | Found a staircase to the Ecumenical Temple.
  4922 | Temple   | Entered the Ecumenical Temple
  5279 | D:7      | Noticed Maggie
  5287 | D:7      | Killed Maggie
  5338 | D:7      | Identified the +2 robe of Resourcefulness {rElec rPois rC++
                  | Str-2}
  5448 | D:7      | Noticed a boulder beetle
  5482 | D:7      | Killed a boulder beetle
  5483 | D:7      | Reached skill level 10 in Unarmed Combat
  5662 | D:6      | Reached XP level 10. HP: 106/106 MP: 9/9
  6316 | D:9      | Found a runed translucent gate.
  6316 | D:9      | Found a runed translucent gate.
  6722 | D:9      | Reached skill level 5 in Shields
  6954 | D:9      | Found a runed translucent gate.
  6954 | D:9      | Identified the +1 chain mail of a Gauntlet {+Inv rF+}
  6954 | D:9      | Noticed opiumtea's ghost (journeyman KoBr)
  6978 | D:9      | Found a staircase to the Lair.
  7052 | D:9      | Found Ananox's Antique Armour Shoppe.
  7329 | Lair:1   | Entered Level 1 of the Lair of Beasts
  7370 | Lair:1   | Noticed a cane toad
  7380 | Lair:1   | Killed a cane toad
  7503 | Lair:1   | Reached skill level 11 in Unarmed Combat
  7678 | Temple   | Became a worshipper of Gozag Ym Sagoz the Greedy
  7771 | D:10     | Entered Level 10 of the Dungeon
  7935 | D:10     | Paralysed by a hornet for 2 turns
  8173 | D:10     | Identified the +11 quarterstaff of the Shark {freeze, *Rage
                  | rC+ rCorr}
  8304 | D:10     | Noticed Nergalle
  8315 | D:10     | HP: 3/107 [orc priest/divine providence (12)]
  8315 | D:10     | Slain by a spectral orc warrior

Illustrated notes

Levels and vault maps discovered:
D:1:      dpeg_arrival_erosion, layout_basic, ebering_ecumenical_altar_petrified
D:2:      layout_basic, serial_shops, nicolae_diamond_shop,
          minmay_shallow_snake_nest
D:3:      layout_rooms, mainiacjoe_overflow_paths, bh_walls_and_bars,
          uniq_crazy_yiuf_cottage, uniq_sigmund, uniq_natasha
D:4:      layout_basic, uniq_blork_the_orc, uniq_eustachio, uniq_menkaure
D:5:      minmay_angry_zag, layout_cave_pools
D:6:      layout_gridville, grunt_ministairs_13
D:7:      layout_rooms, minmay_temple_entry_butterflies, uniq_maggie
D:8:      layout_cave_pods, fountainhead
D:9:      layout_loops_corners, grunt_lair_entry_orc_guard_hut,
          biasface_ghost_orc_armoury, serial_shops, nicolae_shop_stone
D:10:     layout_cave_pods, uniq_nergalle
Temple:   mainiacjoe_temple_hex_bubbles
Lair:1:   kb_forest_paths, layout_regular_city

Skill      XL: |  1  2  3  4  5  6  7  8  9 10 |
---------------+-------------------------------+-----
Fighting       | 3 4 5 6 7 8 9 |  9.5
Unarmed Combat | 4 5 6 7 8 10 11 | 11.3
Shields        | 1 4 6 |  6.4
Dodging        | |  2.4
Stealth        | |  1.0

Action                   |  1- 3 |  4- 6 |  7- 9 | 10-12 || total
-------------------------+-------+-------+-------+-------++-------
Melee: Unarmed           |   123 |    65 |   268 |   190 ||   646
       Punch             |       |     2 |     3 |       ||     5
  Use: Potion            |       |       |     1 |     1 ||     2
 Stab: Sleeping          |     2 |       |     5 |     1 ||     8
       Distracted        |       |       |       |     1 ||     1
Armor: Robe              |    77 |    31 |    84 |       ||   192
       Steam dragon scal |       |       |     4 |    53 ||    57
Dodge: Dodged            |    98 |    30 |    91 |    37 ||   256
Block: Tower shield      |       |       |    77 |   206 ||   283
       Reflection        |       |       |       |     8 ||     8
